 Dungeon Crawl Stone Soup version 0.31-a0-1370-gf52a5a9ab3 (webtiles) character file.

Game seed: 6887631720502155267

29 tilp the Sneak (level 3, -6/26 HPs)
             Began as a Vampire Enchanter on Dec 23, 2023.
             Mangled by Natasha (8 damage)
             ... on level 2 of the Dungeon.
             The game lasted 00:01:38 (1260 turns).

tilp the Sneak (Vampire Enchanter)                  Turns: 1260, Time: 00:01:39

Health: -6/26      AC:  3    Str:  7    XL:     3   Next: 1%
Magic:  1/6        EV: 12    Int: 19    God:
Gold:   18         SH:  0    Dex: 14    Spells: 1/6 levels left

rFire   . . .        a - +1 dagger
rCold   . . .        (no shield)
rNeg    . . .        b - +0 robe
rPois   .            h - +0 helmet
rElec   .            (no cloak)
rCorr   .            (no gloves)
SInv    +            (no boots)
Will    .....        (no amulet)
Stlth   +++          (no ring)
HPRegen 0.44/turn    (no ring)
MPRegen 0.10/turn

%: no passive effects
@: healing quickly
A: alive, fangs 3, see invisible, vampiric 2
a: Exsanguinate


You were on level 2 of the Dungeon.
You visited 1 branch of the dungeon, and saw 2 of its levels.

You collected 18 gold pieces.

Inventory:

Hand Weapons
 a - a +1 dagger (weapon)
Missiles
 k - 3 poisoned darts (quivered)
Armour
 b - a +0 robe (worn)
 h - a +0 helmet (worn)
 i - a scarf of harm
Scrolls
 d - 2 scrolls of fog
Potions
 c - a potion of invisibility
 f - 2 potions of enlightenment
 j - a potion of curing {unknown}


   Skills:
 * Level 1.0 Fighting
 * Level 1.7(1.9) Short Blades
 + Level 0.6(1.2) Long Blades
 + Level 2.3 Dodging
 + Level 4.7 Stealth
 + Level 2.1 Spellcasting
 + Level 4.6 Hexes


You had one spell level left.
You knew the following spells:

 Your Spells              Type           Power      Damage    Failure   Level
a - Ensorcelled Hibernat  Hex/Ice        20%        N/A       10%         2
b - Confusing Touch       Hex            19%        N/A       8%          3

Your spell library contained the following spells:

 Spells                   Type           Power      Damage    Failure   Level
 Tukima's Dance           Hex            19%        N/A       8%          3
 Dazzling Flash           Conj/Hex       20%        N/A       19%         3
 Volatile Blastmotes      Fire/Tloc      4%         2d10      45%         3
 Fulminant Prism          Conj/Alch      1%         3d5       86%         4
 Iskenderun's Mystic Bla  Conj/Tloc      2%         2d3       86%         4


Dungeon Overview and Level Annotations

Branches:
Dungeon (2/15)

Altars:

Annotations:
D:2 Natasha


Innate Abilities, Weirdness & Mutations

Your natural rate of healing is accelerated.
You have razor-sharp teeth.
You have supernaturally acute eyesight. (SInv)
You are afflicted with vampirism and can become a bat while bloodless.


Message History

You hit Natasha.
Natasha is heavily wounded.
Natasha closely misses you.
You hit Natasha but do no damage.
Natasha is heavily wounded.
Natasha casts a spell.
You closely miss Natasha.
Natasha is heavily wounded.
Natasha claws you.
You barely miss Natasha.
Natasha is heavily wounded.
Natasha claws you.
The cerulean imp hits you from afar with a +2 spear.
You hit Natasha.
Natasha is severely wounded.
Natasha closely misses you.
The cerulean imp hits you from afar with a +2 spear.
* * * LOW HITPOINT WARNING * * *
You closely miss Natasha.
Natasha is severely wounded.
Natasha claws you.
* * * LOW HITPOINT WARNING * * *
You barely miss Natasha.
Natasha is severely wounded.
The cerulean imp barely misses you.
Natasha mumbles some strange words.
Unknown command.
You hit Natasha.
Natasha is severely wounded.
The cerulean imp barely misses you.
You barely miss Natasha.
Natasha is severely wounded.
Natasha closely misses you.
The cerulean imp hits you from afar with a +2 spear.
* * * LOW HITPOINT WARNING * * *
You hit Natasha. You bite Natasha, but do no damage.
Natasha is severely wounded.
Natasha claws you!
You die...
Natasha begins licking her fur clean.

#!#.#.# #.#.#.# ...#.#
#..#.#
#..#.############## #
#..#.##............
#.##.#..#.##.###########
....$.....##.#
#####.@#....#
.>...!.h###### ######5##
.5 ###


You could see Natasha and 2 cerulean imps.

Vanquished Creatures
  A dart slug (D:2)
  2 ball pythons (D:1)
  5 endoplasms
  A giant cockroach (D:1)
  3 hobgoblins (D:1)
  2 jackals (D:1)
  A kobold (D:2)
  A bat (D:1)
  2 frilled lizards (D:1)
  3 goblins (D:1)
  2 rats
23 creatures vanquished.

Notes
Turn   | Place    | Note
-------+----------+-------------------------------------------
     0 | D:1      | tilp the Vampire Enchanter began the quest for the Orb.
     0 | D:1      | Reached XP level 1. HP: 13/13 MP: 3/3
   170 | D:1      | Reached XP level 2. HP: 11/20 MP: 5/5
   203 | D:1      | Learned a level 2 spell: Ensorcelled Hibernation
  1123 | D:2      | Gained mutation: You are afflicted with vampirism and can
                  | become a bat while bloodless. [Vampire growth]
  1123 | D:2      | Reached XP level 3. HP: 25/25 MP: 6/6
  1127 | D:2      | Learned a level 3 spell: Confusing Touch
  1194 | D:2      | Reached skill level 1 in Fighting
  1245 | D:2      | Noticed Natasha
  1260 | D:2      | Mangled by Natasha

Illustrated notes

Levels and vault maps discovered:
D:1:      amcnicky_arrival_abandoned_market, layout_basic
D:2:      minmay_general_purpose_star, layout_loops_ring, roderic_roman_lattice,
          uniq_natasha, uniq_terence

Skill      XL: |  1  2  3 |
---------------+----------+-----
Fighting       | 1 |  1.0
Short Blades   | |  1.7
Long Blades    | |  0.6
Dodging        | |  2.3
Stealth        | |  4.7
Spellcasting   | |  2.1
Hexes          | |  4.6

Action                     || total
---------------------------++-------
  Melee: Dagger            ||    69
         Bite              ||     7
   Cast: Ensorcelled Hiber ||    15
    Use: Potion            ||     1
         Scroll            ||     3
   Stab: Invisible         ||     3
         Sleeping          ||    14
 Armour: Robe              ||    40
  Dodge: Dodged            ||    51

Table legend: (Time is in decaauts)
 A = Elapsed time spent in this place.
 B = Non-inter-level travel time spent in this place.
 C = Inter-level travel time spent in this place.
 D = Time resting spent in this place.
 E = Time spent auto-exploring this place.
 F = Levels seen in this place.
 G = Mean time per level.
                   A        B        C        D        E       F      G
               +--------+--------+--------+--------+--------+-----+--------+
         Total |   1254 |   1211 |     43 |      2 |   1000 |   2 |  627.0 |
       Dungeon |   1254 |   1211 |     43 |      2 |   1000 |   2 |  627.0 |
               +--------+--------+--------+--------+--------+-----+--------+

Top non-repeatable levels by time:
     D:1: 933 daAuts
     D:2: 320 daAuts
